 Dungeon Crawl Stone Soup version 0.31.0-9-g3a7656b989 (webtiles) character file.

Game seed: 8253137701993290252

215 qw the Shooter (level 5, 0/26 HPs)
             Began as a Spriggan Hunter on Feb 2, 2024.
             Succumbed to a scorpion's poison
             ... on level 4 of the Dungeon.
             The game lasted 00:00:08 (2906 turns).

qw the Shooter (Spriggan Hunter)                    Turns: 2906, Time: 00:00:09

Health: 0/26       AC:  2    Str:  7    XL:     5   Next: 60%
Magic:  6/6        EV: 20    Int: 11    God:
Gold:   104        SH:  0    Dex: 20    Spells: 4/4 levels left

rFire   . . .        a - +0 shortbow
rCold   . . .        (shield currently unavailable)
rNeg    . . .        c - +0 robe
rPois   .            (helmet restricted)
rElec   .            (no cloak)
rCorr   +            (gloves unavailable)
SInv    +            (boots unavailable)
Will    .....        (no amulet)
Stlth   ++           f - ring of resist corrosion
HPRegen 0.24/turn    (no ring)
MPRegen 0.10/turn

%: no passive effects
@: lethally poisoned (0 -> -11), about to teleport, very quick
A: very small, no large weapons, unfitting armour, see invisible, speed 3
a: no special abilities


You were on level 4 of the Dungeon.
You visited 1 branch of the dungeon, and saw 4 of its levels.

You collected 104 gold pieces.


Innate Abilities, Weirdness & Mutations

You are very small and have problems with some larger weapons.
You are too small for most types of armour.
You have supernaturally acute eyesight. (SInv)
You cover ground extremely quickly. (Speed+++)


   Skills:
 - Level 2.1 Fighting
 + Level 5.9 Ranged Weapons
 - Level 5.0 Dodging
 - Level 1.5 Stealth


You had 4 spell levels left.
You didn't know any spells.
Your spell library was empty.

Inventory:

Hand Weapons
 a - a +0 shortbow (weapon)
Armour
 c - a +0 robe (worn)
Jewellery
 f - a ring of resist corrosion (left hand)
Wands
 b - a wand of polymorph (11)
Potions
 d - 2 potions of enlightenment
 e - a potion of haste
 g - a potion of heal wounds {unknown}
 h - a potion of curing
 k - a potion of degeneration {unknown}
 n - a potion of ambrosia {unknown}

Dungeon Overview and Level Annotations

Branches:
Dungeon (4/15)
 Temple: D:4-7

Altars:
Elyvilon

Shops:
D:1 *   D:2 :


Message History

The scorpion is lightly wounded.
You hear a shout!
A white imp comes into view.
You shoot an arrow. The arrow closely misses the white imp.
You shoot an arrow. The arrow hits the white imp.
The white imp is severely wounded.
The white imp gestures at you. The puff of frost hits you!
You shoot an arrow. The arrow barely misses the white imp.
You shoot an arrow. The arrow hits the scorpion.
The scorpion is moderately wounded.
The scorpion barely misses you.
You shoot an arrow. The arrow hits the scorpion.
The scorpion is heavily wounded.
The scorpion completely misses you.
You shoot an arrow.
The arrow hits the white imp but does no damage.
The white imp is severely wounded.
The scorpion closely misses you. The white imp gestures at you.
The puff of frost hits you. The scorpion closely misses you.
You shoot an arrow. The arrow hits the white imp.
The white imp is almost dead.
The scorpion stings you.
The white imp hits you but does no damage.
You shoot an arrow. The arrow hits the white imp.
You kill the white imp!
The scorpion stings you.
You shoot an arrow. The arrow barely misses the scorpion.
The scorpion misses you. The scorpion barely misses you.
You shoot an arrow.
The arrow hits the scorpion but does no damage.
The scorpion is heavily wounded.
The scorpion stings you.
You are lethally poisoned!
The scorpion poisons you!
2906 ||| READING scroll of teleportation.
As you read the scroll of teleportation, it crumbles to dust.
You feel strangely unstable.
You die...

.. #. ## ..
.#.###. .
....... #..
....... ....
......s## ...#
.......@##.(..##
..#.....<.......
#............#
#...........##
##.......#....
#....##### ...
....#. ..
..##... . ..
#...


You could see a scorpion.

Vanquished Creatures
  A jelly (D:4)
  A bombardier beetle (D:3)
  Jessica (D:2)
  Robin (D:2)
  3 adders (D:2)
  A white imp (D:4)
  2 dart slugs
  4 ribbon worms
  7 endoplasms
  5 giant cockroaches
  16 goblins
  7 hobgoblins
  A quokka (D:2)
  4 ball pythons
  2 bats
  7 frilled lizards
  3 kobolds
  6 rats
72 creatures vanquished.

Notes
Turn   | Place    | Note
-------+----------+-------------------------------------------
     0 | D:1      | qw the Spriggan Hunter began the quest for the Orb.
     0 | D:1      | Reached XP level 1. HP: 10/10 MP: 2/2
     0 | D:1      | 0 ||| qw: Version: 0.3-a-155-g5e7d8dd
     0 | D:1      | 0 ||| qw: Game counter: 978
     0 | D:1      | 0 ||| qw: Melee chars always use a shield: true
     0 | D:1      | 0 ||| qw: God list: Okawaru
     0 | D:1      | 0 ||| qw: Allow faded altars: false
     0 | D:1      | 0 ||| qw: Do Orc after clearing Dungeon:15 true
     0 | D:1      | 0 ||| qw: Do second Lair branch before Depths: true
     0 | D:1      | 0 ||| qw: Lair rune preference: random
     0 | D:1      | 0 ||| qw: Goals: Normal
     0 | D:1      | 0 ||| PLANNING D:1-11
   129 | D:1      | Reached skill level 3 in Dodging
   344 | D:1      | Reached XP level 2. HP: 14/14 MP: 3/3
   442 | D:1      | Found Boro's General Store.
   838 | D:1      | 838 ||| READING scroll labelled DOLERO UCZEXT.
   939 | D:1      | 939 ||| DROPPING scroll of butterflies.
  1006 | D:2      | Reached XP level 3. HP: 18/18 MP: 4/4
  1079 | D:2      | Noticed Jessica
  1082 | D:2      | Killed Jessica
  1162 | D:2      | Noticed Robin
  1172 | D:2      | Reached XP level 4. HP: 22/22 MP: 5/5
  1204 | D:2      | Killed Robin
  1308 | D:2      | Found a white marble altar of Elyvilon.
  1797 | D:2      | Found Gusmesoc's Vocational Training.
  2066 | D:2      | 2066 ||| UPGRADING to ring of resist corrosion.
  2067 | D:2      | 2067 ||| READING scroll labelled SOKISH XEGEWA.
  2071 | D:2      | 2071 ||| READING scroll labelled ZURAISS BOBBALUTA.
  2071 | D:2      | 2071 ||| IDENTIFYING red potion
  2227 | D:3      | Reached XP level 5. HP: 26/26 MP: 6/6
  2866 | D:3      | 2866 ||| READING scroll of identify.
  2866 | D:3      | 2866 ||| IDENTIFYING golden potion
  2867 | D:3      | 2867 ||| READING scroll labelled VEAMUA EHASI.
  2868 | D:3      | 2868 ||| READING scroll labelled HUZAHA GOEZXE.
  2869 | D:3      | 2869 ||| DRINKING 2 metallic red potions.
  2905 | D:4      | HP: 3/26 [scorpion (5)]
  2906 | D:4      | 2906 ||| READING scroll of teleportation.
  2906 | D:4      | Succumbed to a scorpion's poison

Levels and vault maps discovered:
D:1:      eino_arrival_water_cross, layout_basic, serial_shops, shop,
          corexii_corridor_pit
D:2:      layout_loops_corners, basic_altar, minmay_misc_feat_encased,
          nicolae_shop_vocational, uniq_robin, uniq_jessica
D:3:      layout_basic
D:4:      layout_cave_pools, nicolae_tso_swordbearing_angel,
          mainiacjoe_overflow_catwalk, nicolae_dithmenos_through_a_glass_darkly,
          kiku_gazebo_garden_becter, serial_shops, shop,
          minmay_hollow_rounded_squares

Skill      XL: |  1  2  3  4 |
---------------+-------------+-----
Dodging        | 3 4 5 |  5.0
Ranged Weapons | 5 |  5.9
Fighting       | 2 |  2.1
Stealth        | |  1.5

Action                     |  1- 3 |  4- 6 || total
---------------------------+-------+-------++-------
   Fire: Shortbow          |    77 |   146 ||   223
    Use: Scroll            |     1 |     6 ||     7
         Potion            |       |     1 ||     1
 Armour: Robe              |     3 |    18 ||    21
         Skin              |       |    26 ||    26
  Dodge: Dodged            |    13 |    77 ||    90

Table legend:
 A = Non-vault XP
 B = Vault XP
 C = Vault XP percentage of total XP
 D = Non-vault monster count
 E = Vault monster count
 F = Vault count percentage of total count
                 A         B        C        D         E       F
            +---------+---------+-------+---------+---------+-------
      Total |     237 |      71 |  23.1 |      60 |      12 |  16.7
            +---------+---------+-------+---------+---------+-------
        D:1 |      39 |       0 |   0.0 |      22 |       0 |   0.0
        D:2 |      76 |      71 |  48.3 |      22 |      12 |  35.3
        D:3 |      67 |       0 |   0.0 |      14 |       0 |   0.0
        D:4 |      55 |       0 |   0.0 |       2 |       0 |   0.0
            +---------+---------+-------+---------+---------+-------
